 Dungeon Crawl Stone Soup version 0.21.1-1-g345015f (webtiles) character file.

49 motta7 the Vandal (level 4, 0/29 HPs)
             Began as a Halfling Hunter on Mar 3, 2018.
             Slain by a gnoll
             ... wielding a +0 halberd
              (9 damage)
             ... on level 2 of the Dungeon.
             The game lasted 00:50:16 (1917 turns).

motta7 the Vandal (Halfling Hunter)                 Turns: 1917, Time: 00:50:17

Health: 0/29       AC:  6    Str: 13    XL:     4   Next: 1%
Magic:  4/4        EV: 14    Int:  9    God:
Gold:   144        SH:  0    Dex: 15    Spells: 3/3 levels left

rFire    + . .     SeeInvis .   h - +0 spear (curse)
rCold    x . .     Gourm    +   (shield restricted)
rNeg     . . .     Faith    .   r - +1 ring mail
rPois    .         Spirit   .   (no helmet)
rElec    .         Reflect  .   (no cloak)
rCorr    .         Harm     .   (no gloves)
MR       .....                  (no boots)
Stlth    +.........             B - amulet of the gourmand
HPRegen  0.09/turn              p - ring of fire
MPRegen  0.09/turn              (no ring)

@: no status effects
A: small, mutation resistance 1
a: no special abilities


You were on level 2 of the Dungeon.
You were not hungry.

You visited 1 branch of the dungeon, and saw 2 of its levels.

You collected 144 gold pieces.

Inventory:

Hand Weapons
 a - a +2 hunting sling
 b - a +0 short sword
 g - a +0 dagger
 h - a cursed +0 spear (weapon)
 j - a +0 hunting sling
 l - a +0 whip
 o - a +0 short sword
 q - a +0 club
 t - a +0 club
 v - a +0 dagger
 y - a +0 club
 A - a +0 club
Missiles
 d - 36 sling bullets (quivered)
 e - 48 stones
 n - 33 arrows
 s - 23 bolts
Armour
 c - a +0 leather armour
 i - a +0 leather armour
 r - a +1 ring mail (worn)
 x - a +0 robe
Jewellery
 p - a ring of fire (left hand)
 B - an amulet of the gourmand (around neck)
Scrolls
 u - a scroll of teleportation {unknown}
 z - a scroll of enchant armour
Potions
 k - a potion of might {unknown}
 m - 2 potions of mutation
 w - a potion of ambrosia {unknown}
Comestibles
 f - a ration


   Skills:
 + Level 2.0 Fighting
 + Level 0.1 Short Blades
 + Level 0.5 Polearms
 + Level 6.4 Slings
 + Level 1.2 Armour
 + Level 3.0 Dodging
 + Level 1.3 Stealth


You had 3 spell levels left.
You didn't know any spells.

Dungeon Overview and Level Annotations

Branches:
Dungeon (2/15)

Altars:
Qazlal


Innate Abilities, Weirdness & Mutations

You are small and have problems with some larger weapons.
You are somewhat resistant to further mutation.


Message History

You see here a gnoll corpse.
The adder closely misses you.
Unknown command.
You hit the adder.
The adder is lightly wounded.
The adder misses you. The gnoll closely misses you.
You are too injured to fight recklessly!
The adder barely misses you. The gnoll misses you. The adder misses you.
You see here a bat corpse.
The adder barely misses you. The adder closely misses you.
The adder misses you. The gnoll hits you but does no damage.
The gnoll barely misses you. The adder bites you but does no damage.
The gnoll completely misses you. The adder bites you.
The gnoll hits you but does no damage. The adder barely misses you.
The gnoll hits you from afar with a halberd!
You die...

#.####### #..### .÷## #.## ...#
##.# .#.# #..# ##.## #.## #####
##..### #.# #...# ##...# #.#
####...# #####.# #####.#
####†.....# ...##.##### #.@...#
#...†##...#
##.##.....#####gS...###.#######.#
#..#####....##g........# #.#
##.## ####.........#### ##.# #..#
####.....## ###..# ####.##
#####......## ###...## .#
#..####...........#####...### .#
##..##..####.....†......### .#
##..#.## #.....#####†#######


You could see 2 gnolls and an adder.

Vanquished Creatures
  An adder (D:2)
  A gnoll (D:2)
  A worm (D:2)
  A dart slug (D:2)
  5 bats
  A giant cockroach (D:2)
  3 goblins
  A hobgoblin (D:2)
  4 jackals (D:1)
  4 kobolds
  A ball python (D:1)
  A frilled lizard (D:2)
  A rat (D:1)
25 creatures vanquished.

Vanquished Creatures (others)
  A leopard gecko (D:2)
1 creature vanquished.

Grand Total: 26 creatures vanquished

Notes
Turn   | Place    | Note
-------+----------+-------------------------------------------
     0 | D:1      | motta7 the Halfling Hunter began the quest for the Orb.
     0 | D:1      | Reached XP level 1. HP: 14/14 MP: 1/1
   192 | D:1      | Reached skill level 6 in Slings
   425 | D:1      | Reached XP level 2. HP: 16/19 MP: 2/2
  1376 | D:2      | Reached XP level 3. HP: 21/24 MP: 3/3
  1383 | D:2      | Reached skill level 1 in Armour
  1390 | D:2      | Found a stormy altar of Qazlal.
  1888 | D:2      | Reached XP level 4. HP: 22/29 MP: 4/4
  1917 | D:2      | Slain by a gnoll

Skill      XL: |  1  2  3 |
---------------+----------+-----
Slings         | 6 |  6.4
Armour         | 1 |  1.2
Fighting       | 2 |  2.0
Dodging        | 3 |  3.0
Short Blades   | |  0.1
Polearms       | |  0.5
Stealth        | |  1.3

Action                   |  1- 3 |  4- 6 || total
-------------------------+-------+-------++-------
Melee: Spear             |   113 |     4 ||   117
       Hunting sling     |     6 |       ||     6
       Short sword       |     4 |       ||     4
  Use: Scroll            |     9 |       ||     9
       Potion            |     1 |       ||     1
  Eat: Ration            |     1 |       ||     1
Armor: Leather armour    |    19 |       ||    19
       Ring mail         |    40 |     4 ||    44
Dodge: Dodged            |   171 |    16 ||   187
